 Dungeon Crawl Stone Soup version 0.27.1-2-g3b301248ec (webtiles) character file.

Game seed: 512491314125015486

1684 raph the Digger (level 9, -1/51 HPs)
             Began as a Gargoyle Earth Elementalist on Oct 2, 2021.
             Was an Initiate of Vehumet.
             Slain by a wight (4 damage)
             ... on level 7 of the Dungeon.
             The game lasted 00:12:03 (8527 turns).

raph the Digger (Gargoyle Earth Elementalist)       Turns: 8527, Time: 00:12:04

Health: -1/51      AC: 11    Str: 15    XL:     9   Next: 2%
Magic:  2/15       EV: 12    Int: 28    God:    Vehumet [......]
Gold:   260        SH:  0    Dex: 11    Spells: 5/16 levels left

rFire    . . .     SeeInvis +   a - +6 mace of Joufiba {vorpal, rPois Will+ Int+4 Stlth+}
rCold    . . .     Faith    .   (no shield)
rNeg     + . .     Spirit   .   j - +2 robe "Xoplong" {Rampage rElec Str+3}
rPois    ∞         Reflect  .   (no helmet)
rElec    +         Harm     .   w - +0 cloak
rCorr    .         Rampage  +   (no gloves)
Will     +....                  (no boots)
Stlth    ++++......             (no amulet)
HPRegen  0.17/turn              m - ring of see invisible
MPRegen  0.14/turn              s - +6 ring of intelligence

@: no status effects
A: sickness immunity, AC +6, negative energy resistance 1, electricity
resistance, torment resistance 1, petrification resistance
a: Renounce Religion


You were on level 7 of the Dungeon.
You worshipped Vehumet.
Vehumet was noncommittal.
You visited 2 branches of the dungeon, and saw 8 of its levels.

You collected 396 gold pieces.
You spent 136 gold pieces at shops.

Inventory:

Hand Weapons
 a - the +6 mace of Joufiba (weapon) {vorpal, rPois Will+ Int+4 Stlth+}
   (You bought it in a shop on level 4 of the Dungeon)

   It inflicts extra damage upon your enemies.
   Int:       It affects your intelligence (+4).
   rPois:     It protects you from poison.
   Will:      It increases your willpower.
   Stlth:     It makes you more stealthy.
 e - a +0 short sword
 A - a +1 whip of freezing
Missiles
 c - 111 stones
Armour
 j - the +2 robe "Xoplong" (worn) {Rampage rElec Str+3}
   (You found it on level 4 of the Dungeon)

   Str:       It affects your strength (+3).
   rElec:     It insulates you from electricity.
   Rampage:   It bestows one free step when moving towards enemies.
 w - a +0 cloak (worn)
Magical Staves
 b - a staff of earth
Jewellery
 m - a ring of see invisible (left hand)
 s - a +6 ring of intelligence (right hand)
 t - a ring of resist corrosion
 u - a ring of fire
Wands
 n - a wand of flame (16)
 q - a wand of acid (14)
 z - a wand of charming (8)
Scrolls
 f - a scroll of amnesia
 l - 4 scrolls of teleportation
 o - 2 scrolls of enchant weapon
 r - 2 scrolls of identify
 y - 2 scrolls of magic mapping
Potions
 d - a potion of invisibility
 g - 3 potions of might
 h - 2 potions of curing
 i - 5 potions of flight
 k - 2 potions of brilliance
 p - a potion of mutation
 v - a potion of cancellation
 x - a potion of heal wounds {unknown}


   Skills:
 + Level 3.4 Fighting
 + Level 3.1 Maces & Flails
 + Level 3.6 Dodging
 + Level 5.2 Stealth
 + Level 4.1 Spellcasting
 + Level 3.8 Conjurations
 + Level 1.6 Summonings
 - Level 0.7 Transmutations
 * Level 7.7 Earth Magic


You had 5 spell levels left.
You knew the following spells:

 Your Spells              Type           Power      Damage    Failure   Level
a - Sandblast             Erth           98%        2d20      1%          1
b - Passwall              Tmut/Erth      24%        N/A       1%          2
c - Stone Arrow           Conj/Erth      76%        3d11      1%          3
d - Summon Small Mammal   Summ           56%        N/A       3%          1
e - Petrify               Tmut/Erth      29%        N/A       13%         4

Your spell library contained the following spells:

 Spells                   Type           Power      Damage    Failure   Level
 Shock                    Conj/Air       64%        1d7       3%          1
 Call Canine Familiar     Summ           14%        N/A       12%         3
 Summon Guardian Golem    Hex/Summ       10%        N/A       16%         3
 Gell's Gravitas          Tloc           2%         N/A       22%         3
 Swiftness                Air            5%         N/A       22%         3
 Airstrike                Air            2%         N/A       58%         4
 Simulacrum               Ice/Necr       2%         N/A       100%        6
 Malign Gateway           Summ/Tloc      5%         N/A       100%        7


Dungeon Overview and Level Annotations

Branches:
Dungeon (7/15)             Temple (1/1) D:6

Altars:
Ashenzari
Cheibriados
Dithmenos
Gozag
Hepliaklqana
Kikubaaqudgha
Makhleb
Nemelex Xobeh
Okawaru
Qazlal
Ru
Sif Muna
Trog
Uskayaw
Vehumet
Wu Jian
Yredelemnul
Zin
The Shining One

Shops:
D:4 (


Innate Abilities, Weirdness & Mutations

You are immune to sickness and miasma.
Your stone body is resilient. (AC +6)
You are immune to poison.
You resist negative energy. (rN+)
You are resistant to electric shocks. (rElec)
You are resistant to unholy torment.
You are immune to petrification.


Message History

Aim: a wight, wielding a +4 scimitar of freezing and wearing a +0 robe (moderately damaged, 74% to hit)
The stone arrow hits the wight.
The wight is moderately damaged.
The wight misses you.
Casting: Stone Arrow (safe; 1% risk of failure)
Confirm with . or Enter, or press ? or * to list all spells.
Aiming: Petrify (quite dangerous; 13% risk of failure)
Press: ? - help, Shift-Dir - straight line, f/p - wight
Aim: a wight, wielding a +4 scimitar of freezing and wearing a +0 robe (moderately damaged, chance to affect: 58%)
The wight resists with significant effort.
The wight barely misses you.
You don't have enough magic to cast this spell.
Unknown command.
You don't have enough magic to cast this spell.
Unknown command.
You hit the wight.
The wight is almost destroyed.
The wight closely misses you.
You hit the wight but do no damage.
The wight is almost destroyed.
The wight hits you with a +4 scimitar of freezing!
The wight freezes you.
The wight hits you with a +4 scimitar of freezing.
* * * LOW HITPOINT WARNING * * *
The wight freezes you.
* * * LOW HITPOINT WARNING * * *
You see here a +0 long sword.
Casting: Petrify (quite dangerous; 13% risk of failure)
Confirm with . or Enter, or press ? or * to list all spells.
Aiming: Passwall (safe; 1% risk of failure)
Press: ? - help, Dir - move target, p - wight A rock wall.
The wight barely misses you.
You begin to meditate on the wall.
You continue meditating on the rock.
The wight hits you with a +4 scimitar of freezing!
* * * LOW HITPOINT WARNING * * *
The wight freezes you.
* * * LOW HITPOINT WARNING * * *
The wight hits you with a +3 flail.
You die...

###.#.##.#.# #########
..#.#'##.#.# #........
#.#....#.#.# #######.########
#........# #..............# .
#......### #...........##..
###......#######..)........####
.
#...............####+###....#.#
#.#.............zz#
#.#...##.#.# #
#.............@.# #.#.#z##.#.#
#
#......#############.#.#.##.#.#
#...........#..........#.##.#.#
#....#.#....#.##########.##.#.#
#......#....#.#.............#)#
###.####....#.#......[.#.####.#
...# #....#.########.#.# #.#
##### #....#.########.#.####.#
#....#..........#...z..#


You could see 2 wights.

Vanquished Creatures
  Menkaure (D:5)
  Duvessa (D:5)
  2 sky beasts
  An ogre (D:5)
  A centaur (D:6)
  Blork the orc (D:6)
  A bullfrog (D:6)
  Dowan (D:5)
  4 scorpions
  A wyvern skeleton (D:5)
  A water moccasin skeleton (D:6)
  A wight (D:7)
  A bullfrog zombie (D:5)
  3 centaur skeletons (D:5)
  A hound (D:5)
  A jelly (D:5)
  A bullfrog skeleton (D:6)
  Natasha (twice) (D:4)
  2 iguanas
  2 orc wizards (D:6)
  A killer bee zombie (D:6)
  2 hound zombies (D:5)
  A howler monkey skeleton (D:3)
  5 adders
  A gnoll (D:1)
  A white imp (D:6)
  3 ufetubi
  2 worms
  A dart slug (D:4)
  7 orcs
  6 endoplasms
  2 giant cockroaches (D:2)
  5 hobgoblins
  2 jackals (D:3)
  2 quokkas
  6 ball pythons
  4 bats
  3 frilled lizards
  7 goblins
  6 kobolds
  2 rats
98 creatures vanquished.

Notes
Turn   | Place    | Note
-------+----------+-------------------------------------------
     0 | D:1      | raph the Gargoyle Earth Elementalist began the quest for
                  | the Orb.
     0 | D:1      | Reached XP level 1. HP: 10/10 MP: 3/3
   700 | D:1      | Reached skill level 4 in Earth Magic
   700 | D:1      | Reached XP level 2. HP: 15/15 MP: 0/5
  1112 | D:2      | Learned a level 2 spell: Passwall
  1448 | D:2      | Reached XP level 3. HP: 15/19 MP: 6/6
  1452 | D:2      | Learned a level 3 spell: Stone Arrow
  1728 | D:2      | Got the Compendium of Dislocated Ice
  3164 | D:3      | Reached XP level 4. HP: 21/24 MP: 7/7
  3354 | D:3      | Learned a level 1 spell: Summon Small Mammal
  3873 | D:4      | Noticed a scorpion
  3960 | D:4      | Noticed Natasha
  3963 | D:4      | Killed Natasha
  3964 | D:4      | Reached skill level 1 in Conjurations
  4022 | D:4      | Identified the +2 robe "Xoplong" {Rampage rElec Str+3}
  4056 | D:4      | Reached XP level 5. HP: 8/28 MP: 4/8
  4294 | D:4      | Found Byrirauth's Antique Weapon Shop.
  4367 | D:4      | Reached skill level 5 in Earth Magic
  4397 | D:4      | Noticed Natasha
  4402 | D:4      | Killed Natasha
  4565 | D:4      | Reached XP level 6. HP: 33/33 MP: 2/10
  4789 | D:4      | Bought a buzzing mace for 136 gold pieces
  4789 | D:4      | Identified the +6 mace of Joufiba {vorpal, rPois Will+
                  | Int+4 Stlth+} (You bought it in a shop on level 4 of the
                  | Dungeon)
  5008 | D:5      | Entered Level 5 of the Dungeon
  5323 | D:5      | Reached skill level 1 in Fighting
  5323 | D:5      | Reached skill level 1 in Maces & Flails
  5479 | D:5      | Reached XP level 7. HP: 38/38 MP: 3/11
  5654 | D:5      | Noticed Menkaure
  5766 | D:5      | Killed Menkaure
  5767 | D:5      | Reached skill level 6 in Earth Magic
  6096 | D:5      | Reached XP level 8. HP: 36/45 MP: 13/13
  6212 | D:5      | Noticed Duvessa
  6212 | D:5      | Noticed Dowan
  6225 | D:5      | Killed Duvessa
  6232 | D:5      | Killed Dowan
  6593 | D:6      | Learned a level 4 spell: Petrify
  6628 | D:6      | Reached skill level 7 in Earth Magic
  6896 | D:6      | Reached skill level 1 in Summonings
  6923 | D:6      | Reached skill level 5 in Stealth
  7016 | D:6      | Found a staircase to the Ecumenical Temple.
  7029 | Temple   | Entered the Ecumenical Temple
  7256 | Temple   | Became a worshipper of Vehumet
  7286 | D:6      | Noticed Blork the orc
  7300 | D:6      | Killed Blork the orc
  7505 | D:6      | Found a sacrificial altar of Ru.
  8494 | D:7      | Reached XP level 9. HP: 43/51 MP: 9/15
  8527 | D:7      | Slain by a wight

Illustrated notes

Levels and vault maps discovered:
D:1:      psy_arrival_radial01, layout_basic
D:2:      layout_basic
D:3:      layout_rooms
D:4:      layout_loops_ring, serial_shops, shop, uniq_natasha
D:5:      kennysheep_six_static_rooms, layout_basic, uniq_menkaure, uniq_duvessa
D:6:      layout_layer_cave, marbit_many_paths, minmay_temple_entry_mini_moons,
          uniq_blork_the_orc
D:7:      layout_basic, uniq_pikel
Temple:   eino_narrow_crystal_temple

Skill      XL: |  1  2  3  4  5  6  7  8 |
---------------+-------------------------+-----
Earth Magic    | 4 5 6 7 |  7.7
Dodging        | 2 3 |  3.6
Stealth        | 3 4 5 |  5.2
Conjurations   | 1 2 3 |  3.8
Fighting       | 1 2 3 |  3.4
Maces & Flails | 1 2 3 |  3.1
Spellcasting   | 3 4 |  4.1
Summonings     | 1 |  1.6
Transmutations | |  0.7

Action                   |  1- 3 |  4- 6 |  7- 9 || total
-------------------------+-------+-------+-------++-------
Melee: Short sword       |    10 |       |       ||    10
       Unarmed           |     2 |       |       ||     2
       Whip              |   119 |    50 |       ||   169
       Mace              |       |    10 |    51 ||    61
 Cast: Sandblast         |    15 |    38 |    33 ||    86
       Stone Arrow       |     1 |     5 |    12 ||    18
       Passwall          |       |       |     1 ||     1
       Petrify           |       |       |     1 ||     1
  Use: Scroll            |       |    10 |     4 ||    14
 Stab: Sleeping          |     8 |     5 |     2 ||    15
       Distracted        |       |       |     1 ||     1
Armor: Robe              |    53 |    15 |    27 ||    95
Dodge: Dodged            |   107 |    46 |    50 ||   203
